 Dungeon Crawl Stone Soup version 0.28.0-45-g0d030f2227 (webtiles) character file.

Game seed: 12423385039453157010

13325 MisterFreud the Fighter (level 9, -4/96 HPs)
             Began as a Minotaur Wanderer on Mar 31, 2022.
             Was a High Priest of Ru.
             Slain by a manticore (8 damage)
             ... on level 12 of the Dungeon.
             The game lasted 00:18:42 (15930 turns).

MisterFreud the Fighter (Minotaur Wanderer)        Turns: 15930, Time: 00:18:44

Health: -4/96      AC: 13    Str: 28    XL:     9   Next: 74%
Magic:  8/8        EV: 10    Int:  9    God:    Ru [*****.]
Gold:   737        SH:  0    Dex: 10    Spells: 8/8 levels left

rFire   . . .      SeeInvis .   v - +8 lajatang of Truncation {venom, +Blink Will+}
rCold   . . .      Faith    .   (shield currently unavailable)
rNeg    . . .      Spirit   .   b - +2 scale mail
rPois   .          Reflect  .   r - +0 hat
rElec   +          Harm     .   g - +0 cloak
rCorr   +          Rampage  .   (no gloves)
Will    +....                   k - +0 pair of boots
Stlth   ..........              (no amulet)
HPRegen 0.26/turn               h - ring of Topat {rElec rCorr Str+4 Int+3}
MPRegen 0.11/turn               (no ring)

@: spiked
A: horns 2, inability to use devices, hated by all, inexperienced 1, retaliatory
headbutt
a: Renounce Religion, Draw Out Power, Power Leap, Apocalypse


You were on level 12 of the Dungeon.
You worshipped Ru.
Ru was extremely pleased with you.
You visited 2 branches of the dungeon, and saw 13 of its levels.

You collected 785 gold pieces.
You spent 48 gold pieces at shops.

Inventory:

Hand Weapons
 o - a +3 quarterstaff of freezing
 v - the +8 lajatang of Truncation (weapon) {venom, +Blink Will+}
   (You acquired it on level 11 of the Dungeon)

   It poisons the flesh of those it strikes.
   +Blink:    It lets you blink.
   Will:      It increases your willpower.
Missiles
 a - 6 poisoned darts (quivered)
 p - a boomerang
 x - 9 javelins
Armour
 b - a +2 scale mail (worn)
 g - a +0 cloak (worn)
 k - a +0 pair of boots (worn)
 r - a +0 hat (worn)
Jewellery
 f - an amulet of magic regeneration
 h - the ring of Topat (left hand) {rElec rCorr Str+4 Int+3}
   (You acquired it on level 9 of the Dungeon)

   [ring of resist corrosion]

   Str:       It affects your strength (+4).
   Int:       It affects your intelligence (+3).
   rElec:     It insulates you from electricity.
   rCorr:     It protects you from acid and corrosion.
 B - a ring of magical power
Scrolls
 d - a scroll of amnesia
 i - 2 scrolls of enchant weapon
 q - 7 scrolls of teleportation
 t - a scroll of immolation
 y - 3 scrolls of identify
 z - a scroll of fear
 A - a scroll of blinking
Potions
 c - 4 potions of attraction
 e - a potion of ambrosia
 j - 3 potions of magic
 l - a potion of haste
 m - 3 potions of lignification
 n - 3 potions of brilliance
 s - 2 potions of might
 u - 4 potions of mutation
 w - 2 potions of curing


   Skills:
 + Level 14.4 Fighting
 - Level 14.0 Staves
 + Level 5.2 Throwing
 - Level 10.0 Armour
 - Level 1.1 Dodging
 - Level 1.0 Stealth


You had 8 spell levels left.
You didn't know any spells.
Your spell library contained the following spells:

 Spells                   Type           Power      Damage    Failure   Level
 Apportation              Tloc           0%         N/A       61%         1
 Sandblast                Erth           0%         2d4       61%         1
 Passwall                 Tmut/Erth      0%         N/A       75%         2
 Dazzling Flash           Conj/Hex       0%         N/A       93%         3
 Stone Arrow              Conj/Erth      0%         3d7       93%         3
 Airstrike                Air            0%         N/A       100%        4
 Passage of Golubria      Tloc           0%         N/A       100%        4
 Agony                    Necr           0%         N/A       100%        5
 Lightning Bolt           Conj/Air       0%         1d11      100%        5
 Silence                  Hex/Air        0%         N/A       100%        5
 Yara's Violent Unravell  Hex/Tmut       0%         3d3       100%        5
 Animate Skeleton         Necr           Unusable   N/A       N/A         1
 Summon Small Mammal      Summ           Unusable   N/A       N/A         1
 Tukima's Dance           Hex            Unusable   N/A       N/A         3
 Summon Lightning Spire   Summ/Air       Unusable   N/A       N/A         4

Dungeon Overview and Level Annotations

Branches:
Dungeon (12/15)            Temple (1/1) D:5            Lair (0/6) D:10
    Orc (0/2) D:10

Altars:
Cheibriados
Fedhas
Gozag
Hepliaklqana
Nemelex Xobeh
Okawaru
Qazlal
Ru
Sif Muna
Uskayaw
Vehumet
Wu Jian
Xom
Yredelemnul
Zin
The Shining One

Shops:
D:10 *   D:11 *

Annotations:
D:8 Erolcha
D:12 3 runed translucent doors, Cooqonn's ghost, journeyman DsVM


Innate Abilities, Weirdness & Mutations

You have a pair of horns on your head.
You cannot study or use magical devices.
You are hated by all.
You are somewhat inexperienced. (-2 XL)
You reflexively headbutt those who attack you in melee.


Message History

You kill the troll!
The troll leather armour is intact enough to wear.
The manticore begins to attack, but is stunned by your conviction!
You carefully extract the barbed spikes from your body.
The manticore flicks its tail.
The volley of spikes hits you!!
The barbed spikes become lodged in your body.
The manticore flicks its tail.
The volley of spikes hits you!
The barbed spikes become lodged in your body.
* * * LOW HITPOINT WARNING * * *
The manticore flicks its tail.
The volley of spikes hits you but does no damage.
You feel much better.
The manticore flicks its tail.
The volley of spikes hits you!
The barbed spikes become lodged in your body.
The manticore begins to attack, but is stunned by your conviction!
The barbs in your skin will harm you if you move.
Continue?
The barbed spikes dig painfully into your body as you move.
* * * LOW HITPOINT WARNING * * *
The manticore barely misses you. The manticore claws you.
* * * LOW HITPOINT WARNING * * *
The manticore claws you!
* * * LOW HITPOINT WARNING * * *
You focus your inner power and blind the manticore in retribution!
Things that are here:
a +0 troll leather armour; a troll corpse You strike the helpless manticore from behind!
You hit the manticore.
You headbutt the manticore, but do no damage.
The manticore is moderately wounded.
Unknown command.
You hit the manticore.
You headbutt the manticore, but do no damage.
The manticore is heavily wounded.
The manticore bites you!
* * * LOW HITPOINT WARNING * * *
The manticore claws you!
You die...

## #.......#
########...............#
#.>...##...........>...#
.........###..#........#
.......### #..........#
#.......#### #....(.....
#.....#....# #..........
#.....####.# ##..H......
#####....#..##..@# #....
####†##.##.#.####....###
########.##................#
..................##.......## #
#####....####.#.............#####
###..÷####......#...........#....
....######.#..###.............###
.....................#...........
.....#####..##.##.........<......


You could see a manticore (blind).

Vanquished Creatures
  A hydra (D:12)
  3 two-headed ogres (D:11)
  2 ugly things (D:12)
  4 cyclopes
  Joseph (D:7)
  3 komodo dragons (D:10)
  5 trolls
  2 shadows
  8 yaks
  Grum (D:9)
  A wyvern (D:10)
  A wraith (D:12)
  A basilisk (D:10)
  A steam dragon (D:10)
  7 vampire mosquitoes
  Menkaure (D:7)
  2 orc warriors
  An ice beast (D:6)
  A necrophage (D:6)
  4 wolves
  4 centaurs
  3 ogres
  3 phantoms
  2 kobold brigands
  5 bullfrogs
  2 gnoll sergeants (D:7)
  A water moccasin skeleton (D:7)
  8 killer bees
  3 wights (D:9)
  3 howler monkeys (D:7)
  A troll zombie (D:10)
  2 centaur zombies
  7 hounds
  8 orc priests
  Crazy Yiuf (D:3)
  2 centaur skeletons
  4 orc wizards
  2 iguanas (D:4)
  A killer bee zombie (D:8)
  6 ogre zombies (D:10)
  A hound skeleton (D:5)
  2 howler monkey skeletons
  Robin (D:3)
  14 gnolls
  An adder (D:4)
  A shadow imp (D:7)
  A white imp (D:7)
  An adder skeleton (D:4)
  4 worms
  3 dart slugs
  25 orcs
  5 ball pythons
  7 endoplasms
  2 giant cockroaches (D:2)
  10 goblins
  12 hobgoblins
  5 jackals (D:4)
  18 kobolds
  2 quokkas (D:1)
  2 bats (D:3)
  8 frilled lizards
  2 goblin skeletons (D:10)
  A goblin zombie (D:10)
  4 hobgoblin zombies (D:10)
  4 orc skeletons (D:10)
  14 orc zombies (D:10)
  7 rats
275 creatures vanquished.

Vanquished Creatures (others)
  A fungus (D:3)
  10 plants (D:1)
11 creatures vanquished.

Grand Total: 286 creatures vanquished

Notes
Turn   | Place    | Note
-------+----------+-------------------------------------------
     0 | D:1      | MisterFreud the Minotaur Wanderer began the quest for the
                  | Orb.
     0 | D:1      | MisterFreud set off with the following items: a +0
                  | quarterstaff, a +2 scale mail, a potion of attraction
     0 | D:1      | Reached XP level 1. HP: 18/18 MP: 0/0
   237 | D:1      | Reached XP level 2. HP: 22/26 MP: 1/1
   413 | D:1      | Found a faded altar of an unknown god.
   990 | D:2      | Reached XP level 3. HP: 34/34 MP: 2/2
  1843 | D:3      | Reached skill level 5 in Fighting
  1856 | D:3      | Noticed Robin
  1880 | D:3      | Reached XP level 4. HP: 18/42 MP: 3/3
  1966 | D:3      | Killed Robin
  2513 | D:3      | Reached XP level 5. HP: 48/50 MP: 4/4
  3151 | D:3      | Found a runed translucent door.
  3152 | D:3      | Noticed Crazy Yiuf
  3157 | D:3      | Killed Crazy Yiuf
  3638 | D:4      | Reached XP level 6. HP: 22/58 MP: 5/5
  4022 | D:4      | Reached skill level 5 in Staves
  4591 | D:5      | Entered Level 5 of the Dungeon
  4703 | D:5      | Reached XP level 7. HP: 36/68 MP: 6/6
  4880 | D:5      | Found a staircase to the Ecumenical Temple.
  5014 | Temple   | Entered the Ecumenical Temple
  5083 | Temple   | Became a worshipper of Ru the Awakened
  5207 | D:5      | Found a shimmering altar of Xom.
  5589 | D:6      | Reached skill level 5 in Armour
  5951 | D:6      | Reached XP level 8. HP: 67/74 MP: 7/7
  6165 | D:6      | Gained mutation: You cannot study or use magical devices.
                  | [Ru sacrifice]
  6165 | D:6      | Reached * piety under Ru
  6165 | D:6      | Reached ** piety under Ru
  6737 | D:7      | Reached skill level 10 in Staves
  7062 | D:7      | Reached XP level 9. HP: 71/82 MP: 8/8
  7222 | D:7      | Noticed Menkaure
  7573 | D:7      | Noticed Joseph
  7584 | D:7      | Killed Joseph
  7705 | D:7      | Killed Menkaure
  7748 | D:7      | Found an opulent altar of Gozag.
  7749 | D:7      | Found a glowing silver altar of Zin.
  7749 | D:7      | Found a hazy altar of Hepliaklqana.
  7749 | D:7      | Found a glowing golden altar of the Shining One.
  7749 | D:7      | Found a hide-covered altar of Uskayaw.
  7751 | D:7      | Found a basalt altar of Yredelemnul.
  7754 | D:7      | Found a sparkling altar of Nemelex Xobeh.
  8176 | D:8      | Noticed a troll
  8189 | D:8      | Killed a troll
  8190 | D:8      | Reached skill level 10 in Fighting
  9399 | D:8      | Gained mutation: You are hated by all. [Ru sacrifice]
  9399 | D:8      | Reached *** piety under Ru
  9435 | D:9      | Noticed Erolcha
  9918 | D:9      | Reached XP level 10. HP: 55/93 MP: 9/9
 10546 | D:9      | Identified a scroll of acquirement
 10546 | D:9      | Acquired the ring of Topat {rElec rCorr Str+4 Int+3}
 10704 | D:9      | Noticed Grum
 10723 | D:9      | HP: 1/93 [Grum/+0 halberd (14)]
 10731 | D:9      | HP: 1/93 [wolf[Grum] (4)]
 10762 | D:8      | HP: 4/93 [wolf[Grum] (3)]
 11573 | D:9      | Killed Grum
 11848 | D:10     | Entered Level 10 of the Dungeon
 12160 | D:10     | Found Ostawo Gasch's General Store.
 12237 | D:10     | Reached skill level 10 in Armour
 12364 | D:10     | Found a staircase to the Orcish Mines.
 12502 | D:10     | Bought a potion of curing for 48 gold pieces
 12705 | D:10     | Gained mutation: You are somewhat inexperienced. (-2 XL)
                  | [Ru sacrifice]
 12705 | D:10     | Reached XP level 9. HP: 86/86 MP: 8/8
 12705 | D:10     | Reached XP level 8. HP: 81/81 MP: 7/7
 12705 | D:10     | Reached **** piety under Ru
 12705 | D:10     | Reached ***** piety under Ru
 13296 | D:10     | Found a staircase to the Lair.
 13311 | D:10     | Reached XP level 9. HP: 57/90 MP: 8/8
 13539 | D:10     | Noticed a deep troll
 13600 | D:10     | Noticed a two-headed ogre
 14052 | D:11     | Noticed a two-headed ogre
 14062 | D:11     | Killed a two-headed ogre
 14216 | D:11     | Found Ativaxul's Gadget Gallery.
 14389 | D:11     | Noticed a two-headed ogre
 14390 | D:11     | Noticed a two-headed ogre
 14393 | D:11     | Killed a two-headed ogre
 14394 | D:11     | Reached skill level 1 in Throwing
 14401 | D:11     | Killed a two-headed ogre
 14683 | D:11     | Acquired the +8 lajatang of Truncation {venom, +Blink
                  | Will+}
 14929 | D:12     | Noticed a boulder beetle
 14929 | D:12     | Noticed Cooqonn's ghost (journeyman DsVM)
 14929 | D:12     | Noticed a two-headed ogre
 14937 | D:12     | Noticed a minotaur
 14957 | D:12     | Found a runed translucent gate.
 14957 | D:12     | Found a runed translucent gate.
 14957 | D:12     | Found a runed translucent gate.
 14975 | D:12     | Noticed a red ugly thing
 14980 | D:12     | Killed a red ugly thing
 15413 | D:12     | Noticed a four-headed hydra
 15423 | D:12     | Killed an eight-headed hydra
 15685 | D:12     | Noticed a green ugly thing
 15696 | D:12     | Killed a green ugly thing
 15697 | D:12     | Reached skill level 5 in Throwing
 15930 | D:12     | HP: 4/96 [manticore (12)]
 15930 | D:12     | Slain by a manticore

Illustrated notes

Levels and vault maps discovered:
D:1:      minmay_arrival_split_and_join, layout_loops_ring,
          shapermc_ecumenical_altar_venn, lexackson_kobold_supper
D:2:      layout_loops_ring
D:3:      layout_loops_ring, uniq_crazy_yiuf_cottage, uniq_robin
D:4:      layout_gridville, minmay_misc_feat_enclosed, minmay_quantized
D:5:      layout_basic, xom_butterflies, minmay_temple_entry_crystal_x
D:6:      layout_gridville
D:7:      minmay_octagon_keep, layout_basic, minitemple, uniq_menkaure,
          uniq_joseph
D:8:      layout_cave_pools
D:9:      layout_irregular_city, uniq_erolcha, uniq_grum
D:10:     layout_long_grid, erik_lair_dragon, zombieorc2_lemuel, serial_shops,
          shop, kennysheep_island_fort
D:11:     layout_loops_corners, nicolae_shop_gadgets
D:12:     layout_rooms, maelrawn_ghost_gauntlet_escape
Temple:   eino_temple_water

Skill      XL: |  1  2  3  4  5  6  7  8  9 10 |
---------------+-------------------------------+-----
Fighting       | 3 4 5 6 8 12 14 | 14.4
Staves         | 4 6 7 10 13 14 | 14.0
Armour         | 5 6 10 | 10.0
Throwing       | 5 |  5.2
Dodging        | |  1.1
Stealth        | |  1.0

Action                   |  1- 3 |  4- 6 |  7- 9 | 10-12 || total
-------------------------+-------+-------+-------+-------++-------
Melee: Quarterstaff      |   113 |   158 |   347 |   164 ||   782
       Headbutt          |    11 |    30 |    87 |    30 ||   158
       Lajatang          |       |       |    55 |       ||    55
Throw: Dart              |       |       |     6 |       ||     6
Invok: Sacrifice Artific |       |       |     1 |       ||     1
       Sacrifice Experie |       |       |     1 |       ||     1
       Sacrifice Love    |       |       |     1 |       ||     1
  Use: Potion            |       |     2 |     2 |     4 ||     8
       Scroll            |       |       |    17 |     8 ||    25
 Stab: Distracted        |       |       |     2 |       ||     2
       Invisible         |       |       |     6 |     1 ||     7
       Paralysed         |       |       |     3 |       ||     3
Armor: Scale mail        |    62 |    75 |   140 |    64 ||   341
Dodge: Dodged            |    72 |    79 |   154 |    75 ||   380
